 Dungeon Crawl Stone Soup version 0.25-a0-403-g49d089a (webtiles) character file.

Game seed: 15594303037192510418, levelgen mode: deterministic

11328 BlueFish the Blocker (level 12, -2/91 HPs)
             Began as a Formicid Fighter on Jan 9, 2020.
             Was a High Priest of Yredelemnul.
             Slain by a 12-headed hydra (9 damage)
             ... on level 1 of the Lair of Beasts on Jan 10, 2020.
             The game lasted 00:49:51 (11484 turns).

BlueFish the Blocker (Formicid Fighter)            Turns: 11484, Time: 00:49:51

Health: -2/91      AC: 11    Str: 21    XL:     12   Next: 6%
Magic:  9/18       EV: 15    Int:  9    God:    Yredelemnul [*****.]
Gold:   140        SH: 18    Dex: 14    Spells: 11/11 levels left

rFire    + . .     SeeInvis +   C - +2 halberd
rCold    . . .     Gourm    .   H - +0 large shield
rNeg     . . .     Faith    +   N - +2 ring mail {rPois}
rPois    +         Spirit   .   (helmet unavailable)
rElec    .         Reflect  .   x - +0 cloak
rCorr    .         Harm     .   B - +0 pair of gloves
MR       +....                  (no boots)
Stlth    ++........             a - amulet of faith
HPRegen  0.25/turn              F - ring of protection from fire
MPRegen  0.16/turn              l - +4 ring of evasion

@: no status effects
A: permanent stasis, dig shafts and tunnels, four strong arms, antennae 3
a: Dig, Shaft Self, Recall Undead Slaves, Injury Mirror, Animate Dead, Drain
Life, Enslave Soul, Renounce Religion


You were on level 1 of the Lair of Beasts.
You worshipped Yredelemnul.
Yredelemnul was extremely pleased with you.
You were very hungry.

You visited 3 branches of the dungeon, and saw 13 of its levels.

You collected 580 gold pieces.
You spent 440 gold pieces at shops.

Inventory:

Hand Weapons
 k - a cursed -1 dagger
 C - a +2 halberd (weapon)
Armour
 x - a +0 cloak (worn)
 B - a +0 pair of gloves (worn)
 H - a +0 large shield (worn)
 N - a +2 ring mail of poison resistance (worn)
Jewellery
 a - an amulet of faith (around neck)
 e - an uncursed ring of poison resistance
 g - an uncursed ring of resist corrosion
 h - an uncursed ring of stealth
 l - a +4 ring of evasion (right hand)
 F - a ring of protection from fire (left hand)
 J - an uncursed ring of magical power {unknown}
 L - a cursed ring of attention {unknown}
 M - a +3 ring of protection {unknown}
Wands
 n - a wand of flame (24)
 s - a wand of disintegration (10)
 w - a wand of enslavement (10)
 K - a wand of digging (6)
Scrolls
 o - 5 scrolls of noise
 v - 5 scrolls of magic mapping
 y - 3 scrolls of remove curse
 E - 3 scrolls of identify
 I - a scroll of amnesia
Potions
 d - a potion of might
 i - a potion of resistance
 j - 5 potions of curing
 q - 2 potions of haste
 G - a potion of invisibility
Comestibles
 f - 26 rations


   Skills:
 + Level 7.4 Fighting
   Level 7.5 Maces & Flails
 + Level 8.0 Polearms
 + Level 6.7 Armour
 + Level 4.0 Dodging
 + Level 3.4 Stealth
 + Level 10.6 Shields
 * Level 8.9 Invocations


You had 11 spell levels left.
You didn't know any spells.
Your spell library was empty.

Dungeon Overview and Level Annotations

Branches:
Dungeon (11/15)            Temple (0/1) D:6            Lair (1/6) D:11
    Orc (1/2) D:9

Altars:
Dithmenos
Fedhas
Hepliaklqana
Kikubaaqudgha
Makhleb
Trog
Yredelemnul
The Shining One

Shops:
D:4 ?   D:7 :   D:10 =

Annotations:
D:2 Jessica


Innate Abilities, Weirdness & Mutations

You cannot be hasted, slowed, berserked, paralysed or teleported.
You can dig through walls and to a lower floor.
Your four strong arms can wield two-handed weapons with a shield.
You have a pair of large antennae on your head. (SInv)


Message History

* * * LOW HITPOINT WARNING * * *
The 12-headed hydra misses you.
Okay, then.
You feel much better.
The 12-headed hydra barely misses you. x2
The 12-headed hydra closely misses you.
The 12-headed hydra bites you but does no damage.
You block the 12-headed hydra's attack.
The 12-headed hydra bites you but does no damage.
You block the 12-headed hydra's attack. The 12-headed hydra bites you!
* * * LOW HITPOINT WARNING * * *
You block the 12-headed hydra's attack. The 12-headed hydra bites you.
* * * LOW HITPOINT WARNING * * *
You block the 12-headed hydra's attack.
The 12-headed hydra bites you but does no damage.
Found 11 poisoned darts.
You block the 12-headed hydra's attack. The 12-headed hydra misses you.
The 12-headed hydra barely misses you. The 12-headed hydra misses you.
The 12-headed hydra bites you!
You die...
Your body rises from the dead as a mindless zombie.

### # ######### #.###.
.......... .....
.........### #P.#
##.##....#.###.+###
....#.............#..P
.........##..D@....#
..........##.......##
.....#....##.......#
.... +....##(......#
.....#....##.#P#####
....#.....#######
.................
#.####............
.......<..........


You could see a 12-headed hydra.

Vanquished Creatures
  An unseen horror (D:11)
  Pikel (D:5)
  An ugly thing (D:11)
  A manticore (D:11)
  A centaur skeleton (D:11)
  A hippogriff (D:7)
  Sigmund (D:2)
  A vampire (D:9)
  8 yaks
  A hungry ghost (D:9)
  3 water moccasins
  Duvessa (D:5)
  2 orc warriors
  A slave (D:5)
  An eye of draining (D:11)
  An ice beast (D:6)
  2 phantoms
  3 sky beasts
  4 ogres
  5 centaurs
  2 big kobolds
  6 bullfrogs
  Dowan (D:5)
  5 scorpions
  4 killer bees (D:6)
  6 wights
  7 howler monkeys
  6 crimson imps
  2 hounds (D:8)
  4 orc priests
  A jelly (D:11)
  6 orc wizards
  An iguana (D:6)
  Natasha (thrice) (D:3)
  8 worker ants
  2 hound zombies (D:5)
  A hound skeleton (D:5)
  2 worker ant zombies
  Robin (D:2)
  9 adders
  4 gnolls
  2 shadow imps
  2 oozes
  2 adder zombies
  3 adder skeletons
  5 worms
  6 leopard geckos
  21 orcs
  5 ball pythons
  5 giant cockroaches
  17 goblins
  10 hobgoblins
  8 jackals
  10 kobolds
  4 quokkas
  6 bats
  12 frilled lizards
  A jackal skeleton (D:6)
  5 rats
245 creatures vanquished.

Vanquished Creatures (collateral kills)
  Erolcha (D:10)
  3 death yaks (D:11)
  An ugly thing (D:11)
  A yak (D:11)
  A water moccasin (D:10)
  An ice beast (D:8)
  4 orc warriors
  A black bear (D:11)
  A sky beast (D:10)
  2 phantoms
  6 centaurs
  2 ogres
  A big kobold (D:9)
  2 bullfrogs
  A scorpion (D:10)
  A killer bee (D:5)
  2 howler monkeys
  3 wights (D:10)
  A crimson imp (D:10)
  A bullfrog zombie (D:9)
  2 orc priests
  2 hounds
  A jelly (D:5)
  A bullfrog skeleton (D:5)
  An orc wizard (D:11)
  3 worker ants
  A hound skeleton (D:10)
  A worker ant zombie (D:8)
  3 gnolls
  A howler monkey skeleton (D:4)
  2 adders
  A shadow imp (D:8)
  2 leopard geckos
  11 orcs
  A giant cockroach (D:5)
  A jackal (D:5)
  7 kobolds
77 creatures vanquished.

Vanquished Creatures (others)
  8 flying skulls
  A slave (D:6)
  A human (D:5)
  A water moccasin zombie (Lair:1)
  A wight (D:11)
  4 bullfrog skeletons
  A centaur skeleton (D:10)
  An ogre zombie (D:9)
  A scorpion zombie (D:10)
  3 adder skeletons
  An elf zombie (D:5)
  A jackal skeleton (D:5)
  2 jackal zombies (D:5)
  2 kobold zombies (D:9)
  A leopard gecko skeleton (D:11)
  14 orc skeletons
  2 orc zombies
45 creatures vanquished.

Grand Total: 367 creatures vanquished

Notes
Turn   | Place    | Note
-------+----------+-------------------------------------------
     0 | D:1      | BlueFish the Formicid Fighter began the quest for the Orb.
     0 | D:1      | Reached XP level 1. HP: 18/18 MP: 1/1
   105 | D:1      | Reached XP level 2. HP: 23/24 MP: 2/2
   365 | D:1      | Reached skill level 4 in Shields
   535 | D:1      | Reached XP level 3. HP: 28/29 MP: 3/3
   812 | D:2      | Reached XP level 4. HP: 30/37 MP: 4/4
   939 | D:2      | Found a glowing golden altar of the Shining One.
   947 | D:2      | Noticed Sigmund
   969 | D:2      | Killed Sigmund
   969 | D:2      | Reached skill level 1 in Dodging
   969 | D:2      | Reached XP level 5. HP: 14/43 MP: 5/5
   969 | D:2      | Reached XP level 6. HP: 16/49 MP: 6/6
  1247 | D:2      | Found a hazy altar of Hepliaklqana.
  1420 | D:2      | Noticed Robin
  1439 | D:2      | Killed Robin
  1687 | D:3      | Reached skill level 5 in Shields
  1706 | D:3      | Found a glowing drain.
  1819 | D:3      | Found a blossoming altar of Fedhas.
  1820 | D:3      | Found a basalt altar of Yredelemnul.
  1825 | D:3      | Became a worshipper of Yredelemnul the Dark
  1864 | D:3      | Noticed Jessica
  1891 | D:3      | Noticed Natasha
  2104 | D:3      | Killed Natasha
  2313 | D:3      | Noticed Natasha
  2325 | D:3      | Killed Natasha
  2384 | D:3      | Found a bloodstained altar of Trog.
  2436 | D:3      | Noticed Natasha
  2440 | D:3      | Killed Natasha
  2440 | D:3      | Reached XP level 7. HP: 55/55 MP: 7/7
  2848 | D:4      | Found Vanluaqa's Magic Scroll Shoppe.
  2864 | D:4      | Reached * piety under Yredelemnul
  3053 | D:4      | Reached skill level 1 in Invocations
  3230 | D:4      | Upgraded the game from 0.25-a0-399-gcf1075a to
                  | 0.25-a0-403-g49d089a
  3236 | D:4      | Reached skill level 5 in Fighting
  3276 | D:4      | Reached skill level 5 in Maces & Flails
  3276 | D:4      | Reached XP level 8. HP: 35/62 MP: 9/9
  3582 | D:4      | Reached skill level 6 in Shields
  3721 | D:5      | Entered Level 5 of the Dungeon
  3850 | D:5      | Noticed Dowan
  3852 | D:5      | Noticed Duvessa
  3870 | D:5      | Killed Duvessa
  3899 | D:5      | Killed Dowan
  4012 | D:5      | Reached ** piety under Yredelemnul
  4124 | D:5      | Your ally Dowan died
  4200 | D:5      | Reached skill level 5 in Armour
  4200 | D:5      | Reached XP level 9. HP: 54/68 MP: 11/11
  4242 | D:5      | Reached skill level 7 in Shields
  4415 | D:5      | Found an ancient bone altar of Kikubaaqudgha.
  4518 | D:6      | Noticed Pikel
  4629 | D:5      | Killed Pikel
  4766 | D:6      | Found a shadowy altar of Dithmenos.
  4771 | D:6      | Found a staircase to the Ecumenical Temple.
  4843 | D:6      | Reached skill level 5 in Invocations
  4875 | D:6      | Reached skill level 8 in Shields
  5541 | D:6      | Reached XP level 10. HP: 66/76 MP: 14/14
  6271 | D:6      | Reached skill level 1 in Polearms
  6377 | D:7      | Found a burning altar of Makhleb.
  6414 | D:7      | Reached *** piety under Yredelemnul
  6536 | D:7      | Found a flagged portal.
  6658 | D:7      | Reached skill level 9 in Shields
  6810 | D:7      | Found Honeughu's Book Emporium.
  7196 | D:8      | Received a gift from Yredelemnul (2 flying skulls)
  7810 | D:9      | Found a staircase to the Orcish Mines.
  8643 | D:9      | Reached **** piety under Yredelemnul
  9010 | D:10     | Entered Level 10 of the Dungeon
  9183 | D:10     | Reached skill level 1 in Stealth
  9184 | D:10     | Received a gift from Yredelemnul (3 flying skulls)
  9207 | D:10     | Reached skill level 5 in Polearms
  9207 | D:10     | Reached XP level 11. HP: 80/83 MP: 16/16
  9207 | D:10     | Noticed Erolcha
  9216 | D:10     | Killed Erolcha
  9455 | D:10     | Found Uzaemnar's Jewellery Shoppe.
  9458 | D:10     | Bought an uncursed amulet of faith for 440 gold pieces
  9657 | D:10     | Received a gift from Yredelemnul (a wight)
  9785 | D:10     | Received a gift from Yredelemnul (a flying skull)
  9842 | D:10     | Reached skill level 10 in Shields
 10028 | D:11     | Noticed a death yak
 10028 | D:11     | Noticed a death yak
 10030 | D:11     | Found a staircase to the Lair.
 10030 | D:11     | Noticed a death yak
 10039 | D:11     | Killed a death yak
 10228 | Orc:1    | Entered Level 1 of the Orcish Mines
 10228 | Orc:1    | Noticed an orc knight
 10228 | Orc:1    | Noticed a stone giant
 10228 | Orc:1    | Noticed a two-headed ogre
 10332 | D:11     | Noticed a manticore
 10340 | D:11     | Killed a manticore
 10391 | D:11     | Received a gift from Yredelemnul (2 flying skulls)
 10394 | D:11     | Reached ***** piety under Yredelemnul
 10432 | D:11     | Noticed a green ugly thing
 10440 | D:11     | Killed a green ugly thing
 10496 | D:11     | Noticed a green ugly thing
 10516 | D:11     | Killed a green ugly thing
 10599 | D:11     | Found Weclexint's Assorted Antiques.
 10666 | D:11     | Noticed an unseen horror
 10670 | D:11     | Killed an unseen horror
 11175 | D:11     | Killed a death yak
 11183 | D:11     | Killed a death yak
 11183 | D:11     | Reached XP level 12. HP: 51/91 MP: 18/18
 11348 | Lair:1   | Entered Level 1 of the Lair of Beasts
 11444 | Lair:1   | Noticed an eight-headed hydra
 11472 | Lair:1   | HP: 4/91 [12-headed hydra (6)]
 11484 | Lair:1   | Slain by a 12-headed hydra

Levels and vault maps discovered:
D:1:      dpeg_arrival_shelter, layout_basic, grunt_decor_cap
D:2:      layout_loops_cross, lemuel_doored_altar, tso_metal_star, uniq_sigmund,
          uniq_robin
D:3:      layout_basic, lightli_temple_of_fire,
          gammafunk_temple_overflow_statue, serial_bayou, serial_bayou_ford_a,
          serial_bayou_shore_a, serial_bayou_shore_b, serial_bayou_pond_c,
          portal_sewer_entry_d, uniq_natasha, uniq_jessica
D:4:      layout_cave_pools, serial_shops, shop
D:5:      layout_rooms, first_ration, tgw_kikubaaqudgha, uniq_duvessa
D:6:      layout_loops_ring, lemuel_crystal_altar,
          minmay_temple_entry_large_hall, uniq_pikel
D:7:      layout_loops_cross, overflow_temple_1_default, serial_shops,
          nicolae_shop_trees, enter_bailey_2
D:8:      layout_basic
D:9:      layout_basic, david_orc_3
D:10:     layout_basic, serial_shops, shop, uniq_erolcha
D:11:     layout_stronghold, dpeg_lair_monsters, serial_shops, shop
Lair:1:   layout_regular_city, portal_ice_cave_entry_pillars_1, st_stairs_13
Orc:1:    layout_caves, basic_altar

Skill      XL: |  1  2  3  4  5  6  7  8  9 10 11 |
---------------+----------------------------------+-----
Shields        | 4 5 6 8 9 10 | 10.6
Fighting       | 4 5 6 7 |  7.4
Maces & Flails | 3 4 5 6 7 |  7.5
Armour         | 4 5 6 |  6.7
Dodging        | 1 2 3 4 |  4.0
Invocations    | 1 3 5 6 8 |  8.9
Polearms       | 5 8 |  8.0
Stealth        | 1 3 |  3.4

Action                   |  1- 3 |  4- 6 |  7- 9 | 10-12 || total
-------------------------+-------+-------+-------+-------++-------
Melee: Flail             |   109 |   167 |   535 |    33 ||   844
       Unarmed           |       |     3 |       |       ||     3
       Halberd           |       |       |       |   514 ||   514
Invok: Animate Remains   |       |       |    24 |     3 ||    27
       Injury Mirror     |       |       |     1 |       ||     1
       Animate Dead      |       |       |       |    32 ||    32
       Recall Undead Sla |       |       |       |     4 ||     4
       Drain Life        |       |       |       |     2 ||     2
  Use: Scroll            |       |     9 |     5 |     3 ||    17
       Potion            |       |       |     6 |     2 ||     8
 Stab: Distracted        |       |       |     1 |     8 ||     9
       Sleeping          |       |       |       |     1 ||     1
  Eat: Chunk             |       |     5 |    17 |    32 ||    54
Armor: Scale mail        |    41 |    56 |   136 |    54 ||   287
       Ring mail         |       |       |       |    37 ||    37
Dodge: Dodged            |    41 |    61 |   281 |   207 ||   590
Block: Shield            |    73 |    78 |   408 |   151 ||   710
       Large shield      |       |       |       |   227 ||   227

Table legend:
 A = Non-vault XP
 B = Vault XP
 C = Vault XP percentage of total XP
 D = Non-vault monster count
 E = Vault monster count
 F = Vault count percentage of total count
                 A         B        C        D         E       F
            +---------+---------+-------+---------+---------+-------
      Total |   11953 |    4230 |  26.1 |     294 |      27 |   8.4
            +---------+---------+-------+---------+---------+-------
        D:1 |      30 |       0 |   0.0 |      18 |       0 |   0.0
        D:2 |      90 |     267 |  74.8 |      29 |       9 |  23.7
        D:3 |     115 |      46 |  28.6 |      21 |       2 |   8.7
        D:4 |     683 |       0 |   0.0 |      29 |       0 |   0.0
        D:5 |     768 |     801 |  51.1 |      36 |       3 |   7.7
        D:6 |    1722 |       0 |   0.0 |      34 |       0 |   0.0
        D:7 |     779 |       0 |   0.0 |      13 |       0 |   0.0
        D:8 |     706 |       0 |   0.0 |      17 |       0 |   0.0
        D:9 |    1184 |     216 |  15.4 |      21 |       6 |  22.2
       D:10 |    2422 |     893 |  26.9 |      41 |       1 |   2.4
       D:11 |    3303 |    1854 |  36.0 |      34 |       5 |  12.8
     Lair:1 |     151 |     153 |  50.3 |       1 |       1 |  50.0
            +---------+---------+-------+---------+---------+-------
